 Dungeon Crawl Stone Soup version 0.19.0-19-g8c6edcc (webtiles) character file.

69 Gargoyl the Unweaver (level 4, 27/35 HPs)
             Began as a Demonspawn Abyssal Knight on Nov 15, 2016.
             Was a Follower of Lugonu.
             Quit the game on level 2 of the Dungeon on Nov 16, 2016.
             The game lasted 00:03:51 (2039 turns).

Gargoyl the Unweaver (Demonspawn Abyssal Knight)    Turns: 2039, Time: 00:03:52

Health: 27/35      AC:  5    Str: 13    XL:     4   Next: 2%
Magic:  6/6        EV: 11    Int: 13    God:    Lugonu [*.....]
Gold:   101        SH:  0    Dex: 13    Spells: 0 memorised, 3 levels left

rFire  . . .     SeeInvis .     p - +0 war axe
rCold  . . .     Gourm    .     b - +0 leather armour
rNeg   . . .     Faith    .     (no shield)
rPois  .         Spirit   +     (helmet restricted)
rElec  .         Reflect  .     e - +0 cloak
rCorr  .         Harm     .     k - +0 pair of gloves
MR     .....                    (no boots)
Stlth  +.........               (no amulet)
                                (no ring)
                                (no ring)

@: no status effects
A: antennae 1, spiny 1, magic shield
a: Depart the Abyss, Renounce Religion


You were on level 2 of the Dungeon.
You worshipped Lugonu.
Lugonu was aware of your devotion.
You were not hungry.

You visited 1 branch of the dungeon, and saw 3 of its levels.
You visited the Abyss 1 time.

You collected 101 gold pieces.

Inventory:

Hand Weapons
 p - a +0 war axe (weapon)
 q - a +0 war axe
Armour
 b - a +0 leather armour (worn)
 e - a +0 cloak (worn)
 k - a +0 pair of gloves (worn)
Scrolls
 d - a scroll of teleportation {unknown}
 f - a scroll of remove curse {unknown}
 g - 4 scrolls of identify {unknown}
 l - a scroll of immolation {unknown}
 m - a scroll of fog {unknown}
Potions
 a - a potion of beneficial mutation {unknown}
 j - a potion of flight {unknown}
 n - a potion of curing {unknown}
 o - 2 potions of haste
Comestibles
 c - 3 bread rations
 i - 2 meat rations


   Skills:
 + Level 3.4 Fighting
 + Level 2.4 Axes
 * Level 2.5 Armour
 + Level 1.2 Dodging
 * Level 3.4 Invocations


You had 3 spell levels left.
You didn't know any spells.

Dungeon Overview and Level Annotations

Branches:
Dungeon (3/15)

Altars:


Innate Abilities, Weirdness & Mutations

You have a pair of small antennae on your head.
You are partially covered in sharp spines.
When hurt, damage is shared between your health and your magic reserves.


Message History

You climb downwards.
The orc hits you with a club.
There is a stone staircase leading up here.
You see here a tomahawk.
The orc hits you with a club.
You climb upwards.
There is a stone staircase leading down here.
You hit the orc but do no damage. The orc barely misses you.
The orc is struck by your spines. The orc barely misses you.
You closely miss the orc.
The orc is heavily wounded.
The orc hits you but does no damage.
You slash the orc!
You kill the orc!
Lugonu accepts your kill.
You have reached level 4!
You feel agile.
Your demonic ancestry asserts itself...
You feel your magical essence form a protective shroud around your flesh.
Items here: )) [[ † a club; a ring mail; a runed leather armour; a whip; an orc corpse Are you sure you want to abandon this character and quit the game? (Confirm with "yes".)

########### #..........
##########.######### ###
#.>........#########
######.###..@................
#...........<...............#
#.##............###########>#
#####.#.............#######
#.#
..........................#
#>#
...............#.##.#####.#
#.# .........(..(.##.##.# #.#
#.# #####.###...........# #.#
#.# #.# ##....##.#### #.# #.#


There were no monsters in sight!

Vanquished Creatures
  An orc priest (D:2)
  3 leopard geckos
  2 orcs
  A giant cockroach (D:1)
  3 goblins
  5 hobgoblins
  2 jackals (D:1)
  A quokka (D:2)
  A bat (D:2)
  2 frilled lizards
  9 kobolds
  3 rats
33 creatures vanquished.

Vanquished Creatures (others)
  2 starspawn tentacles (Abyss:1)
2 creatures vanquished.

Grand Total: 35 creatures vanquished

Notes
Turn   | Place    | Note
-------+----------+-------------------------------------------
     0 | Abyss:1  | Gargoyl the Demonspawn Abyssal Knight began the quest for the Orb.
     0 | Abyss:1  | Reached XP level 1. HP: 18/18 MP: 2/2
    40 | Abyss:1  | Noticed a tentacled starspawn
    62 | D:1      | Escaped the Abyss
   549 | D:1      | Gained mutation: You are partially covered in sharp spines. [demonic ancestry]
   549 | D:1      | Reached XP level 2. HP: 24/24 MP: 4/4
   739 | D:1      | Reached * piety under Lugonu
   940 | D:2      | Reached skill level 1 in Dodging
  1220 | D:2      | Gained mutation: You have a pair of small antennae on your head. [demonic ancestry]
  1220 | D:2      | Reached XP level 3. HP: 29/29 MP: 5/5
  2037 | D:2      | Gained mutation: When hurt, damage is shared between your health and your magic reserves. [demonic ancestry]
  2037 | D:2      | Reached XP level 4. HP: 27/35 MP: 6/6
  2039 | D:2      | Quit the game

Skill      XL: |  1  2 |
---------------+-------+-----
Armour         | 2 |  2.5
Invocations    | 3 |  3.4
Axes           | 2 |  2.4
Dodging        | 1 |  1.2
Fighting       | |  3.4

Action                   |  1- 3 |  4- 6 || total
-------------------------+-------+-------++-------
Melee: Hand axe          |    55 |       ||    55
       War axe           |    26 |       ||    26
Invok: Depart the Abyss  |     1 |       ||     1
  Use: Potion            |     3 |       ||     3
  Eat: Chunk             |     2 |       ||     2
       Bread ration      |     1 |       ||     1
Armor: Leather armour    |    42 |       ||    42
Dodge: Dodged            |    59 |       ||    59
